 Dungeon Crawl Stone Soup version 0.30.0-5-g1a98f26d00 (webtiles) character file.

Game seed: 3567856736025015161

17052 cowcol the Severer (level 12, -2/111 HPs)
             Began as a Minotaur Fighter on May 9, 2023.
             Was a High Priest of Okawaru.
             Killed from afar by a lindwurm (46 damage)
             ... with a blast of flame
             ... on level 10 of the Dungeon.
             The game lasted 00:40:17 (14997 turns).

cowcol the Severer (Minotaur Fighter)              Turns: 14997, Time: 00:40:18

Health: -2/111     AC:  0    Str: 23    XL:     12   Next: 15%
Magic:  11/11      EV: 13    Int:  5    God:    Okawaru [*****.]
Gold:   1140       SH:  0    Dex: 13    Spells: 11/11 levels left

rFire   . . .        C - melded +7 broad axe (freeze)
rCold   . . .        U - melded +1 kite shield {rF+}
rNeg    . . .        q - melded +10 plate armour of Repulsion {Dex+3}
rPois   .            (helmet currently unavailable)
rElec   .            k - melded +0 cloak
rCorr   .            g - melded +1 pair of gloves
SInv    .            L - melded +1 pair of boots
Will    .....        j - amulet of the acrobat
Stlth   +            B - melded ring of positive energy
HPRegen 0.38/turn    h - melded +4 ring of protection
MPRegen 0.12/turn

%: acrobat
@: pig-form, slowed
A: fast, no casting, small, (horns 2), (retaliatory headbutt)
a: Renounce Religion, Heroism, Finesse, Duel


You were on level 10 of the Dungeon.
You worshipped Okawaru.
Okawaru was extremely pleased with you.
You were a filthy swine.
You visited 2 branches of the dungeon, and saw 13 of its levels.
You also visited: Bailey.

You collected 1282 gold pieces.
You spent 142 gold pieces at shops.

Inventory:

Hand Weapons
 C - a +7 broad axe of freezing (melded)
 H - a +2 trident of flaming
 I - the +10 dark maul {heavy}
   (You took it off a two-headed ogre on level 8 of the Dungeon)
 R - a +0 battleaxe
Missiles
 b - 4 javelins
 d - 33 poisoned darts (quivered)
 f - 14 curare-tipped darts
 y - 21 boomerangs
 M - 4 datura-tipped darts
 N - 4 atropa-tipped darts
Armour
 g - a +1 pair of gloves (melded)
 k - a +0 cloak (melded)
 p - the +2 pair of boots of Temperance {rPois rF++ Will- Regen+}
   (You acquired it on level 6 of the Dungeon)

   rF:        It greatly protects you from fire.
   rPois:     It protects you from poison.
   Regen:     It increases your rate of health regeneration.
   Will:      It decreases your willpower.
 q - the +10 plate armour of Repulsion (melded) {Dex+3}
   (You found it on level 6 of the Dungeon)

   Dex:       It affects your dexterity (+3).
 t - a +0 scale mail of fire resistance
 L - a +1 pair of boots (melded)
 U - a +1 kite shield of fire resistance (melded)
Jewellery
 c - a +6 ring of intelligence
 h - a +4 ring of protection (melded)
 j - an amulet of the acrobat (around neck)
 x - an amulet of magic regeneration
 B - a ring of positive energy (melded)
 E - a +6 ring of intelligence
Wands
 r - a wand of paralysis (10)
 u - a wand of polymorph (3)
 O - a wand of mindburst (14)
 T - a wand of flame (14)
Scrolls
 e - 2 scrolls of immolation
 i - 2 scrolls of fear
 l - 3 scrolls of amnesia
 o - 2 scrolls of butterflies
 v - a scroll of teleportation
 w - a scroll of poison
 K - 2 scrolls of fog
 S - 3 scrolls of identify
 V - 2 scrolls of vulnerability
 W - a scroll of blinking
 Z - a scroll of silence {unknown}
Potions
 a - a potion of invisibility
 n - 5 potions of attraction
 z - a potion of ambrosia {unknown}
 A - 4 potions of curing
 D - 3 potions of might
 G - a potion of heal wounds {unknown}
 P - a potion of resistance
 Q - a potion of magic {unknown}
 X - a potion of mutation {unknown}
 Y - a potion of berserk rage
Miscellaneous
 m - a phantom mirror
 J - a piece from Xom's chessboard (15/15)


   Skills:
 + Level 11.7 Fighting
 + Level 17.1 Axes
 - Level 2.0 Throwing
 - Level 12.0 Armour
 + Level 5.1 Shields
 + Level 0.9 Invocations


You had 11 spell levels left.
You didn't know any spells.
Your spell library contained the following spells:

 Spells                   Type           Power      Damage    Failure   Level
 Blink                    Tloc           0%         N/A       63%         2
 Lesser Beckoning         Tloc           0%         N/A       63%         2
 Momentum Strike          Conj/Tloc      0%         3d8       63%         2
 Poisonous Vapours        Pois/Air       0%         N/A       63%         2
 Sublimation of Blood     Necr           0%         N/A       63%         2
 Gell's Gravitas          Tloc           0%         N/A       85%         3
 Inner Flame              Hex/Fire       0%         N/A       85%         3
 Mephitic Cloud           Conj/Pois/Air  0%         N/A       85%         3
 Portal Projectile        Hex/Tloc       0%         N/A       85%         3
 Teleport Other           Tloc           0%         N/A       85%         3
 Flame Wave               Conj/Fire      0%         2d4       99%         4
 Leda's Liquefaction      Hex/Erth       0%         N/A       99%         4
 Petrify                  Tmut/Erth      0%         N/A       99%         4
 Sticky Flame             Conj/Fire      0%         2d3       99%         4
 Freezing Cloud           Conj/Ice/Air   0%         6-21      100%        5
 Irradiate                Conj/Tmut      0%         3d11      100%        5
 Call Canine Familiar     Summ           Unusable   N/A       N/A         3

Dungeon Overview and Level Annotations

Branches:
Dungeon (12/15)            Temple (0/1) D:5            Lair (0/5) D:11
    Orc (1/2) D:9          Bailey (visited)

Altars:
Elyvilon
Hepliaklqana
Okawaru
Qazlal
Ru
Sif Muna
Vehumet
Yredelemnul

Shops:
D:7 (   D:11 *   D:12 :


Innate Abilities, Weirdness & Mutations

You are a filthy swine.
You move quickly.
Your equipment is almost entirely melded.
You are incapable of wielding weapons or throwing items.
You cannot cast spells.
((You have a pair of horns on your head.))
((You reflexively headbutt those who attack you in melee.))


Message History

Press: ? - help, Shift-Dir - straight line, f/p - Kirke
Aim: Kirke (almost dead, 71% to hit)
The bolt of dispelling energy misses Kirke.
The now-empty wand crumbles to dust.
Kirke shouts, "You pig!
I'll make you look the way you deserve."
Kirke mumbles some strange words.
Kirke flickers and vanishes!
Deactivating autopickup; reactivate with Ctrl-A.
Something hits you!
Aiming: Paralyse
Press: ? - help, Shift-Dir - straight line Nothing appears to happen.
You hear some strange, mumbled words.
Something tries to affect you, but you resist.
Unknown command.
Aiming: Mindburst
Press: ? - help, Shift-Dir - straight line Nothing appears to happen.
Something hits you. Something hits you!
Unknown command.
Aiming: Mindburst
Press: ? - help, Shift-Dir - straight line Nothing appears to happen.
Something hits you!
Okay, then.
You hear some strange, mumbled words.
You feel a momentary urge to oink.
There is a stone staircase leading up here.
You hear some strange, mumbled words.
Something summons a lindwurm!
The lindwurm attacks as you move away! The lindwurm closely misses you.
The lindwurm completely misses you. The lindwurm misses you.
The lindwurm breathes flames at you. The blast of flame misses you.
There is a stone staircase leading up here.
You feel as though you will be slow longer.
The lindwurm breathes flames at you.
The blast of flame hits something!!
Reactivating autopickup.
The lindwurm disappears in a puff of smoke!
You feel a bit more experienced. The blast of flame hits you!!!
You die...

#h# #<# #.# ##.##
#.# #.# #.# #.#
#.######.#
#.#######.# #.#
#........#
#...h..##{#####.#
##########
#######.##...ยง.#.#
...........###!#.#
#######.##.###.#.#
#.##.##....#
#.##.#.#.#h##
#######.##........#
........####.#(#.##
######### ##...##
##.## #.#
##############.#
...............#
################


There were no monsters in sight!

Vanquished Creatures
  6 two-headed ogres
  An orc knight (Bailey)
  An ugly thing (D:11)
  An orc sorcerer (Orc:1)
  A gargoyle (D:12)
  A komodo dragon (D:11)
  A kobold demonologist (D:10)
  3 trolls
  Grinder (D:5)
  A hornet (D:9)
  6 shadows
  2 wyverns
  4 slime creatures (D:12)
  A vampire (D:10)
  2 basilisks (D:11)
  Grum (D:8)
  3 hogs
  6 yaks
  Eustachio (D:5)
  2 steam dragons
  2 vampire mosquitoes (D:11)
  A warg (Orc:1)
  2 acid dragons
  2 water moccasins
  Duvessa (D:4)
  7 orc warriors
  An ice beast (D:6)
  2 ogres
  2 centaurs
  3 wolves (D:8)
  Blork the orc (D:4)
  7 kobold brigands
  4 bullfrogs
  3 gnoll sergeants
  8 scorpions
  Dowan (D:4)
  13 wights
  5 troll zombies (D:9)
  6 killer bees
  3 electric eels (D:8)
  6 howler monkeys
  2 hounds
  6 orc priests
  A gnoll bouda (D:5)
  A sleepcap (D:8)
  Crazy Yiuf (D:5)
  Ijyb (D:5)
  2 iguanas (D:5)
  12 orc wizards
  An ogre zombie (D:9)
  13 adders
  25 gnolls
  2 white imps
  2 ufetubi
  2 worms
  4 dart slugs
  26 orcs
  5 endoplasms
  5 giant cockroaches
  13 goblins
  11 hobgoblins
  7 jackals
  2 quokkas
  7 ball pythons
  9 bats
  A frilled lizard (D:3)
  3 goblin zombies (D:9)
  A hobgoblin skeleton (D:9)
  A hobgoblin zombie (D:9)
  23 kobolds
  4 orc skeletons (D:9)
  10 orc zombies (D:9)
  5 rats
333 creatures vanquished.

Vanquished Creatures (others)
  Kirke (D:10)
1 creature vanquished.

Grand Total: 334 creatures vanquished

Notes
Turn   | Place    | Note
-------+----------+-------------------------------------------
     0 | D:1      | cowcol the Minotaur Fighter began the quest for the Orb.
     0 | D:1      | Reached XP level 1. HP: 19/19 MP: 0/0
    90 | D:1      | Reached XP level 2. HP: 27/27 MP: 1/1
   769 | D:1      | Found a white marble altar of Elyvilon.
   951 | D:2      | Reached XP level 3. HP: 23/33 MP: 2/2
  1336 | D:2      | Reached skill level 3 in Axes
  1795 | D:2      | Reached XP level 4. HP: 41/41 MP: 3/3
  2401 | D:2      | Reached skill level 4 in Axes
  2421 | D:2      | Reached XP level 5. HP: 47/47 MP: 4/4
  2596 | D:2      | Reached skill level 5 in Armour
  2785 | D:2      | You fall into a shaft and drop 1 floor!
  2881 | D:3      | Found a faded altar of an unknown god.
  3812 | D:4      | Noticed Duvessa
  3818 | D:4      | Noticed Dowan
  3825 | D:4      | Killed Duvessa
  3826 | D:4      | Reached skill level 5 in Axes
  3826 | D:4      | Reached XP level 6. HP: 55/55 MP: 5/5
  3837 | D:4      | Killed Dowan
  3885 | D:4      | Reached skill level 5 in Fighting
  4263 | D:4      | Reached skill level 6 in Axes
  4847 | D:4      | Noticed Blork the orc
  4849 | D:4      | Killed Blork the orc
  4850 | D:4      | Reached XP level 7. HP: 61/61 MP: 6/6
  5416 | D:5      | Entered Level 5 of the Dungeon
  5416 | D:5      | Noticed Ijyb
  5425 | D:5      | Killed Ijyb
  5797 | D:5      | Reached skill level 7 in Axes
  5836 | D:5      | Noticed Grinder
  5870 | D:5      | Killed Grinder
  5871 | D:5      | Reached skill level 1 in Throwing
  6090 | D:5      | Reached XP level 8. HP: 41/70 MP: 7/7
  6500 | D:5      | Reached skill level 8 in Axes
  6817 | D:5      | Found a stormy altar of Qazlal.
  6817 | D:5      | Found a shimmering blue altar of Sif Muna.
  6819 | D:5      | Found a basalt altar of Yredelemnul.
  6820 | D:5      | Found a hazy altar of Hepliaklqana.
  6821 | D:5      | Found a radiant altar of Vehumet.
  6821 | D:5      | Found an iron altar of Okawaru.
  6822 | D:5      | Found a sacrificial altar of Ru.
  6835 | D:5      | Became a worshipper of Warmaster Okawaru
  6983 | D:5      | Found a staircase to the Ecumenical Temple.
  7000 | D:5      | Noticed Eustachio
  7016 | D:5      | Killed Eustachio
  7218 | D:5      | Found a runed translucent door.
  7219 | D:5      | Noticed Crazy Yiuf
  7368 | D:5      | Killed Crazy Yiuf
  7622 | D:6      | Reached skill level 9 in Axes
  7631 | D:6      | Identified the +10 plate armour of Repulsion {Dex+3}
  7773 | D:6      | Reached * piety under Okawaru
  7823 | D:6      | Reached skill level 10 in Axes
  7823 | D:6      | Reached XP level 9. HP: 34/79 MP: 6/8
  8430 | D:6      | Identified a scroll of acquirement
  8431 | D:6      | Acquired the +2 pair of boots of Temperance {rPois rF++
                  | Will- Regen+}
  8570 | D:7      | Found Jaikoc Enayn's Weapon Shop.
  8580 | D:7      | Bought a +1 heavy broad axe for 142 gold pieces
  8858 | D:8      | Reached skill level 11 in Axes
  8965 | D:8      | Noticed Grum
  8971 | D:8      | Killed Grum
  8973 | D:8      | Reached ** piety under Okawaru
  9464 | D:8      | Reached skill level 12 in Axes
  9696 | D:8      | Reached XP level 10. HP: 86/90 MP: 9/9
  9932 | D:8      | Reached *** piety under Okawaru
  9933 | D:8      | Reached skill level 10 in Armour
  9953 | D:8      | Noticed a two-headed ogre
  9958 | D:8      | Killed a two-headed ogre
  9959 | D:8      | Noticed a two-headed ogre
  9965 | D:8      | Killed a two-headed ogre
  9966 | D:8      | Reached skill level 13 in Axes
 10505 | D:9      | Received a gift from Okawaru
 10710 | D:9      | Reached **** piety under Okawaru
 10726 | D:9      | Reached skill level 14 in Axes
 10752 | D:9      | Found a staircase to the Orcish Mines.
 11001 | D:9      | Found a flagged portal.
 11013 | Bailey   | Entered a bailey
 11314 | Bailey   | Reached XP level 11. HP: 99/99 MP: 10/10
 11445 | Bailey   | Noticed an orc knight
 11463 | Bailey   | Killed an orc knight
 11463 | Bailey   | Received a gift from Okawaru
 11520 | Bailey   | Reached skill level 10 in Fighting
 11632 | Bailey   | Found a burning altar of Makhleb.
 12175 | D:10     | Entered Level 10 of the Dungeon
 12267 | D:10     | Reached skill level 15 in Axes
 12819 | D:10     | Noticed a two-headed ogre
 12821 | D:10     | Killed a two-headed ogre
 13042 | D:11     | Noticed a two-headed ogre
 13048 | D:11     | Killed a two-headed ogre
 13231 | D:11     | Noticed a two-headed ogre
 13239 | D:11     | Killed a two-headed ogre
 13395 | D:11     | Reached ***** piety under Okawaru
 13404 | D:11     | Reached skill level 16 in Axes
 13411 | D:11     | Found a staircase to the Lair.
 13555 | D:11     | Found Jesk's General Store.
 13559 | D:11     | Noticed a red ugly thing
 13570 | D:11     | Killed a red ugly thing
 13944 | Orc:1    | Entered Level 1 of the Orcish Mines
 13944 | Orc:1    | Noticed an orc sorcerer
 13951 | Orc:1    | Killed an orc sorcerer
 13951 | Orc:1    | Received a gift from Okawaru
 14051 | D:12     | Noticed a two-headed ogre
 14063 | D:12     | Killed a two-headed ogre
 14064 | D:12     | Reached skill level 5 in Shields
 14069 | D:12     | Reached XP level 12. HP: 110/110 MP: 11/11
 14124 | D:12     | Found Kiqaxzip's Book Emporium.
 14341 | D:12     | Reached skill level 17 in Axes
 14451 | D:12     | Noticed Kirke
 14565 | D:12     | Noticed a sphinx
 14997 | D:10     | Killed Kirke
 14997 | D:10     | Killed from afar by a lindwurm

Illustrated notes

Levels and vault maps discovered:
D:1:      dpeg_arrival_water_altar, layout_rooms
D:2:      layout_basic, hex_intersection, grunt_ministairs_7,
          minmay_fractal_squares_5
D:3:      layout_basic, hellmonk_ecumenical_altar_heavens_door,
          kennysheep_potato
D:4:      layout_loops_ring, uniq_blork_the_orc, uniq_duvessa
D:5:      layout_cave_pools, grunt_temple_overflow_open,
          minmay_temple_entry_wispy, nicolae_eternal_life, eino_tiny_chamber,
          uniq_eustachio, uniq_crazy_yiuf_cottage, uniq_grinder, uniq_ijyb
D:6:      layout_loops_ring
D:7:      layout_rooms, serial_shops, nicolae_shop_tiny_statue_garden
D:8:      layout_rooms, minivault_14, hellmonk_guarded_unrand_dark_maul,
          uniq_grum
D:9:      layout_irregular_city, zombieorc1_lemuel, enter_bailey_7,
          minmay_door_square, minmay_liquid_box, minmay_misc_feat_roman
D:10:     layout_loops_ring
D:11:     layout_rooms, erik_lair_dragon, serial_shops, nicolae_diamond_shop
D:12:     layout_roguey, serial_shops, shop, lightli_church_of_beogh, uniq_kirke
Orc:1:    layout_caves, lightli_orcish_oven

Skill      XL: |  1  2  3  4  5  6  7  8  9 10 11 12 |
---------------+-------------------------------------+-----
Armour         | 4 5 6 7 8 9 11 12 | 12.0
Fighting       | 4 5 7 8 9 11 | 11.7
Shields        | 4 5 |  5.1
Axes           | 3 4 5 6 7 10 12 14 16 17 | 17.1
Throwing       | 1 2 |  2.0
Invocations    | |  0.9

Action                     |  1- 3 |  4- 6 |  7- 9 | 10-12 || total
---------------------------+-------+-------+-------+-------++-------
  Melee: War axe           |    64 |   119 |   197 |       ||   380
         Headbutt          |     7 |    15 |    42 |    62 ||   126
         Unarmed           |       |       |     7 |     6 ||    13
         Broad axe         |       |       |    44 |   334 ||   378
  Throw: Stone             |     1 |       |       |       ||     1
         Dart              |       |     2 |    11 |       ||    13
 Invoke: Heroism           |       |       |     1 |    10 ||    11
  Evoke: Wand              |       |       |       |     9 ||     9
    Use: Scroll            |     3 |     3 |    11 |     7 ||    24
         Potion            |     2 |     4 |     3 |       ||     9
 Armour: Scale mail        |    28 |    47 |    27 |       ||   102
         Skin              |       |    15 |       |       ||    15
         Plate armour      |       |       |   103 |   213 ||   316
  Dodge: Dodged            |    35 |    43 |   113 |   150 ||   341
  Block: Buckler           |    12 |    29 |    44 |    41 ||   126
         Kite shield       |       |       |       |    46 ||    46
